 Dungeon Crawl Stone Soup version 0.29.1-12-g30fa7ad0bf (webtiles) character file.

Game seed: 8061759027905272210

2088 soggyman666 the Thaumaturge (level 9, -6/46 HPs)
             Began as a Deep Elf Fire Elementalist on Dec 25, 2022.
             Was an Initiate of Sif Muna.
             Shot with an arrow by a centaur (16 damage)
             ... on level 7 of the Dungeon.
             The game lasted 00:30:48 (8873 turns).

soggyman666 the Thaumaturge (DEFE)                  Turns: 8873, Time: 00:30:48

Health: -6/46      AC:  2    Str:  5    XL:     9   Next: 6%
Magic:  7/8        EV: 13    Int: 25    God:    Sif Muna [......]
Gold:   393        SH:  5    Dex: 15    Spells: 13/27 levels left

rFire   + . .      SeeInvis .   k - +3 spear (antimagic)
rCold   . . .      Faith    .   (no shield)
rNeg    . . .      Spirit   .   a - +0 robe
rPois   .          Reflect  +   (no helmet)
rElec   .          Harm     .   (no cloak)
rCorr   .          Rampage  .   (no gloves)
Will    .....                   (no boots)
Stlth   +++.......              v - amulet of reflection
HPRegen 0.15/turn               y - ring of protection from fire
MPRegen 0.11/turn               B - ring of flight

@: flying
A: no striking features
a: Renounce Religion


You were on level 7 of the Dungeon.
You worshipped Sif Muna.
Sif Muna was noncommittal.
You visited 2 branches of the dungeon, and saw 8 of its levels.

You collected 393 gold pieces.

Inventory:

Hand Weapons
 h - the +4 spear of Rysoruz {spect, Str+6}
   (You took it off an orc on level 3 of the Dungeon)

   When its wielder attacks, the weapon's spirit leaps out and strikes again.
   The spirit shares a part of any damage it takes with its wielder.
   Str:       It affects your strength (+6).
 j - a +1 scythe
 k - a +3 antimagic spear (weapon)
Armour
 a - a +0 robe (worn)
 t - the +1 ring mail "Diesecw" {+Blink rC+}
   (You found it on level 4 of the Dungeon)

   rC:        It protects you from cold.
   +Blink:    It lets you blink.
Jewellery
 d - a +4 ring of protection
 v - an amulet of reflection (around neck)
 y - a ring of protection from fire (left hand)
 z - a ring of resist corrosion
 B - a ring of flight (right hand)
Wands
 f - a wand of light (6)
 r - a wand of flame (14) (quivered)
 x - a wand of iceblast (11)
Scrolls
 g - 4 scrolls of teleportation
 l - a scroll of enchant weapon
 m - 2 scrolls of fear
 n - 2 scrolls of blinking
 o - a scroll of butterflies
 p - a scroll of magic mapping
 q - a scroll of immolation {unknown}
 w - 2 scrolls of enchant armour {unknown}
 A - a scroll of noise {unknown}
Potions
 b - a potion of magic
 c - a potion of heal wounds
 e - 4 potions of curing
 i - a potion of attraction {unknown}
 s - a potion of brilliance {unknown}


   Skills:
 - Level 0.4 Fighting
 + Level 3.5 Dodging
 + Level 3.7 Stealth
 + Level 0.2 Shields
 + Level 9.6 Spellcasting
 + Level 3.6 Conjurations
 + Level 1.5 Hexes
 + Level 7.6 Fire Magic
 * Level 2.8 Invocations
 * Level 4.7 Evocations


You had 13 spell levels left.
You knew the following spells:

 Your Spells              Type           Power      Damage    Failure   Level
a - Foxfire               Conj/Fire      100%       2x1d9     1%          1
b - Scorch                Fire           100%       2d10      1%          2
c - Inner Flame           Hex/Fire       35%        N/A       2%          3
d - Sticky Flame          Conj/Fire      40%        2d6       4%          4
e - Dispel Undead         Necr           12%        3d9       45%         4

Your spell library contained the following spells:

 Spells                   Type           Power      Damage    Failure   Level
 Conjure Flame            Conj/Fire      40%        6-21      1%          3
 Static Discharge         Conj/Air       21%        3-6/arc   3%          2
 Flame Wave               Conj/Fire      40%        2d11      4%          4


Dungeon Overview and Level Annotations

Branches:
Dungeon (7/15)             Temple (1/1) D:5

Altars:
Ashenzari
Cheibriados
Dithmenos
Elyvilon
Fedhas
Gozag
Hepliaklqana
Kikubaaqudgha
Makhleb
Nemelex Xobeh
Okawaru
Qazlal
Ru
Sif Muna
Trog
Uskayaw
Vehumet
Wu Jian
Xom
Yredelemnul
Zin
The Shining One

Shops:
D:6 =


Message History

There is a stone staircase leading down here.
Magic restored.
HP restored.
Done exploring.
There is a stone staircase leading down here.
You fly downwards.
Found a stone staircase leading up.
There is a stone staircase leading up here.
Found 7 stones.
Found a ring mail.
Found a dire flail.
Found 13 gold pieces.
Found a short sword.
A centaur comes into view.
A jelly comes into view.
Found a club.
A centaur comes into view.
The puff of flame hits the jelly.
The jelly is moderately wounded.
The jelly quivers.
The centaur shouts!
You hear a shout!
The centaur wields a +0 shortbow.
The centaur shoots an arrow.
The arrow hits you!
The puff of flame hits the jelly!
The jelly is almost dead.
The centaur shoots an arrow.
The arrow hits you.
Casting: Scorch (safe; 1% risk of failure)
Confirm with . or Enter, or press ? or * to list all spells.
You conjure some foxfire!
The centaur shoots an arrow.
The arrow closely misses you. The arrow hits your foxfire.
The centaur wields a +1 shortbow of flaming.
It bursts into flame!
The centaur shoots an arrow.
The arrow hits you! The arrow burns you.
The centaur shoots an arrow.
The arrow hits you!
* * * LOW HITPOINT WARNING * * *
You hear a shout!
Your foxfire dissipates!
The foxfire hits the jelly!
You kill the jelly!
Sif Muna accepts your kill.
The centaur shoots an arrow.
The arrow hits you!
You die...

#.#...##.#
#........# ..
######...#### ...
#......<..#
...##.........####
..................
..................
..............###.
.......§@..(..#
........§.[...#
..............#
............).#
...............#
.c....$........#
)...........)...
.....c.........#
...............


You could see 2 centaurs.

Vanquished Creatures
  Pikel (D:6)
  Sigmund (D:2)
  An ice beast (D:6)
  An ogre (D:6)
  4 lemures (D:6)
  2 kobold brigands
  2 necrophages (D:6)
  3 scorpions
  2 wights (D:7)
  An electric eel (D:6)
  4 hounds
  3 jellies
  2 orc priests
  A gnoll bouda (D:6)
  Crazy Yiuf (D:4)
  Terence (D:2)
  2 iguanas (D:5)
  3 orc wizards
  8 gnolls
  8 adders
  A shadow imp (D:5)
  A white imp (D:5)
  An ufetubus (D:4)
  3 dart slugs
  14 orcs
  4 endoplasms
  2 giant cockroaches
  8 hobgoblins
  10 jackals (D:1)
  3 quokkas (D:1)
  11 ball pythons
  4 bats
  3 frilled lizards
  3 goblins (D:1)
  16 kobolds
  4 rats
139 creatures vanquished.

Vanquished Creatures (collateral kills)
  18 foxfires (D:6)
18 creatures vanquished.

Vanquished Creatures (others)
  410 foxfires
  34 plants
444 creatures vanquished.

Grand Total: 601 creatures vanquished

Notes
Turn   | Place    | Note
-------+----------+-------------------------------------------
     0 | D:1      | soggyman666 the Deep Elf Fire Elementalist began the quest
                  | for the Orb.
     0 | D:1      | Reached XP level 1. HP: 10/10 MP: 6/6
   344 | D:1      | Reached XP level 2. HP: 14/15 MP: 5/8
   547 | D:1      | Learned a level 2 spell: Scorch
   872 | D:1      | Reached XP level 3. HP: 19/19 MP: 3/10
  1254 | D:1      | Found a faded altar of an unknown god.
  1411 | D:1      | Learned a level 3 spell: Inner Flame
  1612 | D:2      | Noticed Terence
  1684 | D:2      | Killed Terence
  1685 | D:2      | Reached skill level 4 in Spellcasting
  1933 | D:2      | Reached XP level 4. HP: 24/24 MP: 9/12
  2100 | D:2      | Noticed Sigmund
  2104 | D:2      | Killed Sigmund
  2105 | D:2      | Reached skill level 5 in Spellcasting
  2105 | D:2      | Reached skill level 5 in Fire Magic
  2105 | D:2      | Reached XP level 5. HP: 28/28 MP: 6/14
  2533 | D:3      | Reached XP level 6. HP: 24/32 MP: 4/16
  2778 | D:3      | Identified the +4 spear of Rysoruz {spect, Str+6}
  3294 | D:4      | Reached skill level 1 in Evocations
  3499 | D:4      | Reached skill level 6 in Spellcasting
  3824 | D:4      | Identified the +1 ring mail "Diesecw" {+Blink rC+}
  4084 | D:4      | Found a runed translucent door.
  4085 | D:4      | Noticed Crazy Yiuf
  4161 | D:4      | Reached XP level 7. HP: 29/37 MP: 12/18
  4447 | D:4      | Killed Crazy Yiuf
  4561 | D:5      | Entered Level 5 of the Dungeon
  4829 | D:5      | Reached skill level 7 in Spellcasting
  5333 | D:5      | Found a staircase to the Ecumenical Temple.
  5343 | Temple   | Entered the Ecumenical Temple
  5514 | Temple   | Became a worshipper of Sif Muna the Loreminder
  5938 | D:6      | Noticed Pikel
  6064 | D:6      | Reached skill level 8 in Spellcasting
  6064 | D:6      | Reached XP level 8. HP: 42/42 MP: 15/22
  6166 | D:6      | Found Vuseuw's Jewellery Boutique.
  6670 | D:6      | Reached skill level 9 in Spellcasting
  6937 | D:6      | Found an opulent altar of Gozag.
  7090 | D:6      | Learned a level 4 spell: Sticky Flame
  7095 | D:6      | Learned a level 4 spell: Dispel Undead
  7579 | D:6      | Reached skill level 1 in Hexes
  8579 | D:6      | Killed Pikel
  8580 | D:6      | Reached skill level 1 in Invocations
  8580 | D:6      | Reached XP level 9. HP: 26/46 MP: 0/24
  8873 | D:7      | Shot with an arrow by a centaur

Illustrated notes

Levels and vault maps discovered:
D:1:      sevenhm_arrival_forest_fort_small_5, layout_basic,
          ebering_ecumenical_altar_sacrificial
D:2:      layout_rooms, uniq_terence, uniq_sigmund
D:3:      layout_rooms, nicolae_grassy_gnolls
D:4:      layout_loops_cross, uniq_crazy_yiuf_cottage
D:5:      nicolae_cairo_tiling_large_dashed, layout_rooms,
          minmay_temple_entry_glassed_door
D:6:      layout_cave_pools, nicolae_gozag_cash_rules_everything_around_me,
          serial_shops, nicolae_shop_stone, hangedman_decor_push,
          serial_bayou_lagoon_b, uniq_pikel
D:7:      layout_basic, moated_statue, nicolae_shop_clearance
Temple:   kilobyte_greek_temple

Skill      XL: |  1  2  3  4  5  6  7  8  9 |
---------------+----------------------------+-----
Fire Magic     | 4 5 6 7 |  7.6
Spellcasting   | 4 5 6 8 9 |  9.6
Dodging        | 3 |  3.5
Stealth        | 3 |  3.7
Conjurations   | 2 3 |  3.6
Evocations     | 2 3 4 |  4.7
Hexes          | 1 |  1.5
Invocations    | 1 2 |  2.8
Fighting       | |  0.4
Shields        | |  0.2

Action                   |  1- 3 |  4- 6 |  7- 9 || total
-------------------------+-------+-------+-------++-------
Melee: Spear             |       |       |    15 ||    15
       Punch             |       |       |     1 ||     1
 Cast: Foxfire           |    52 |    87 |   114 ||   253
       Scorch            |    16 |    18 |    44 ||    78
       Inner Flame       |     1 |     1 |     7 ||     9
Evoke: Wand              |       |       |     4 ||     4
  Use: Scroll            |       |     7 |     5 ||    12
Armor: Robe              |    16 |     4 |     3 ||    23
Dodge: Dodged            |    35 |     6 |    19 ||    60
Block: Other             |       |       |     4 ||     4
       Reflection        |       |       |     1 ||     1
